 Dungeon Crawl Stone Soup version 0.26-a0-597-gb535b0901c (webtiles) character file.

Game seed: 9888418907625794336

1563 Alarkh the Grappler (level 8, -1/65 HPs)
             Began as a Demonspawn Gladiator on Sept 12, 2020.
             Was a Follower of Cheibriados.
             Shot with an arrow by a centaur (10 damage)
             ... on level 6 of the Dungeon.
             The game lasted 00:08:22 (4545 turns).

Alarkh the Grappler (Demonspawn Gladiator)          Turns: 4545, Time: 00:08:22

Health: -1/65      AC: 12    Str: 18    XL:     8   Next: 58%
Magic:  8/8        EV: 11    Int: 15    God:    Cheibriados [*.....]
Gold:   113        SH:  0    Dex: 17    Spells: 3/7 levels left

rFire    + . .     SeeInvis .     - Unarmed
rCold    . . .     Faith    .   (no shield)
rNeg     . . .     Spirit   .   w - +2 scale mail "Pacw" {rElec rPois}
rPois    +         Reflect  .   f - +2 hat
rElec    +         Harm     .   k - +0 cloak
rCorr    .                      (no gloves)
MR       .....                  l - +0 pair of boots
Stlth    ..........             (no amulet)
HPRegen  0.20/turn              e - ring of protection from fire
MPRegen  0.11/turn              (no ring)

@: very slow
A: horns 2, powered by death 1
a: Bend Time, Renounce Religion


You were on level 6 of the Dungeon.
You worshipped Cheibriados.
Cheibriados was aware of your devotion.
You visited 1 branch of the dungeon, and saw 6 of its levels.
You also visited: Sewer.

You collected 296 gold pieces.
You spent 183 gold pieces at shops.

Inventory:

Missiles
 c - 2 throwing nets (quivered)
Armour
 a - a +0 leather armour
 b - a +0 helmet
 f - a +2 hat (worn)
 k - a +0 cloak (worn)
 l - a +0 pair of boots (worn)
 w - the +2 scale mail "Pacw" (worn) {rElec rPois}
   (You bought it in a shop on level 5 of the Dungeon)

   It insulates you from electricity.
   It protects you from poison.
Jewellery
 e - a ring of protection from fire (left hand)
 y - an uncursed ring of protection from magic
Scrolls
 g - a scroll of immolation
 h - a scroll of amnesia {unknown}
 i - 5 scrolls of teleportation
 j - a scroll of fog {unknown}
 n - 3 scrolls of magic mapping {unknown}
 o - 3 scrolls of remove curse {unknown}
 p - a scroll of enchant weapon
 r - 2 scrolls of identify
 x - a scroll of random uselessness {unknown}
 A - a scroll of noise {unknown}
Potions
 m - a potion of degeneration
 q - 2 potions of berserk rage
 s - 3 potions of curing
 t - a potion of flight
 u - a potion of might {unknown}
 v - a potion of haste {unknown}
 B - a potion of stabbing {unknown}


   Skills:
 + Level 6.5 Fighting
 - Level 1.7 Throwing
 - Level 2.6 Dodging
 * Level 8.6 Unarmed Combat


You had 3 spell levels left.
You knew the following spells:

 Your Spells              Type           Power        Failure   Level
a - Ice Form              Ice/Tmut       #.......     100%        4

Your spell library contained the following spells:

 Spells                   Type           Power        Failure   Level
 Beastly Appendage        Tmut           #.....       67%         1
 Corona                   Hex            #......      67%         1
 Ensorcelled Hibernation  Hex/Ice        #.....       80%         2
 Wereblood                Tmut           #.......     80%         2
 Confusing Touch          Hex            #.......     95%         3
 Dazzling Flash           Conj/Hex       #.....       95%         3
 Spider Form              Tmut/Pois      #.........   95%         3
 Tukima's Dance           Hex            #.......     95%         3
 Blade Hands              Tmut           #.........   100%        5


Dungeon Overview and Level Annotations

Branches:
Dungeon (6/15)             Temple (0/1) D:6           Sewer (visited)

Altars:
Ashenzari
Cheibriados
Fedhas
Kikubaaqudgha
Makhleb
Nemelex Xobeh
Okawaru
Xom
Yredelemnul
Zin

Shops:
D:5 ?:[

Annotations:
D:1 1 exclusion


Innate Abilities, Weirdness & Mutations

You have a pair of horns on your head.
You regenerate a little health from kills.


Message History

Your Fighting skill increases to level 6!
Your Unarmed Combat skill increases to level 8!
You start resting.
Your transformation is almost over.
You start resting.
The centaur wields a +0 shortbow.
The centaur shoots an arrow.
The arrow hits you but does no damage.
You hear a shout!
A centaur is nearby!
A centaur is nearby!
You feel less wooden.
Your +0 cloak unmelds from your body.
Your +2 hat unmelds from your body.
Your +0 pair of boots unmelds from your body.
The +2 scale mail "Pacw" {rElec rPois} unmelds from your body.
The centaur shoots an arrow.
The arrow hits you but does no damage.
An ufetubus comes into view.
You hear a bark!
The centaur shoots an arrow.
The arrow closely misses you.
The centaur shoots an arrow.
The arrow hits you!
You die...

### ..# ####### #.#
##..'..###.#
#(.###..##.#
#@8#?#8.##.#
#(##=##'##.#####.#
#8..#?#...'........ ..
#...+$#..8#.......#
#.#.##'##(##+##.#######
# ... #c8#$# #..#
..###.. #5.## #.##
...#.. ##.. ##.#
#....#########..####


You could see a centaur and an ufetubus.

Vanquished Creatures
  A manticore (D:6)
  An ice beast (D:5)
  3 ogres
  A big kobold (Sewer)
  A gnoll sergeant (D:6)
  A scorpion (D:5)
  2 orc priests
  A centaur skeleton (D:5)
  2 orc wizards
  An iguana (D:6)
  6 worker ants
  A hound zombie (D:6)
  A mummy (D:5)
  A worker ant zombie (D:3)
  13 gnolls
  6 adders
  2 shadow imps
  An ooze (D:5)
  An adder zombie (D:6)
  A worm (D:3)
  2 dart slugs
  3 leopard geckos
  9 orcs
  3 giant cockroaches
  3 goblins
  7 hobgoblins
  5 jackals
  6 kobolds
  2 quokkas
  6 bats
  A frilled lizard (D:1)
  28 rats
  A rat zombie (D:3)
123 creatures vanquished.

Vanquished Creatures (others)
  3 orcs (D:3)
3 creatures vanquished.

Grand Total: 126 creatures vanquished

Notes
Turn   | Place    | Note
-------+----------+-------------------------------------------
     0 | D:1      | Alarkh the Demonspawn Gladiator began the quest for the
                  | Orb.
     0 | D:1      | Reached XP level 1. HP: 16/16 MP: 1/1
   112 | D:1      | Reached skill level 3 in Unarmed Combat
   112 | D:1      | Gained mutation: You regenerate a little health from kills.
                  | [demonic ancestry]
   112 | D:1      | Reached XP level 2. HP: 17/22 MP: 2/2
   784 | D:2      | Reached XP level 3. HP: 17/28 MP: 3/3
  1722 | D:2      | Reached skill level 4 in Unarmed Combat
  1722 | D:2      | Gained mutation: You have a pair of small horns on your
                  | head. [demonic ancestry]
  1722 | D:2      | Reached XP level 4. HP: 16/34 MP: 4/4
  1953 | D:3      | Found an ancient bone altar of Kikubaaqudgha.
  1992 | D:3      | Reached XP level 5. HP: 26/41 MP: 5/5
  2285 | D:3      | Found a glowing silver altar of Zin.
  2287 | D:3      | Noticed an angel
  2291 | D:3      | Found a shimmering altar of Xom.
  2751 | D:3      | Reached skill level 5 in Unarmed Combat
  2876 | D:4      | You fall into a shaft and drop 1 floor!
  2876 | D:5      | Entered Level 5 of the Dungeon
  2880 | D:5      | Noticed an ice beast
  2888 | D:4      | Noticed an ogre
  2898 | D:4      | Killed an ogre
  2898 | D:4      | Gained mutation: You have a pair of horns on your head.
                  | [demonic ancestry]
  2898 | D:4      | Reached XP level 6. HP: 41/48 MP: 6/6
  2907 | D:4      | Found a glowing drain.
  2935 | Sewer    | Entered a sewer
  3036 | Sewer    | Found a white marble altar of Elyvilon.
  3079 | Sewer    | Learned a level 4 spell: Ice Form
  3324 | D:4      | Found an iron altar of Okawaru.
  3331 | D:4      | Reached skill level 6 in Unarmed Combat
  3331 | D:4      | Reached XP level 7. HP: 55/55 MP: 7/7
  3343 | D:4      | Found a snail-covered altar of Cheibriados.
  3489 | D:4      | Found a burning altar of Makhleb.
  3567 | D:4      | Became a worshipper of Cheibriados the Contemplative
  3591 | D:5      | Found Xoaveymm's Book Boutique.
  3603 | D:5      | Found Ideeboal's Magic Scroll Shoppe.
  3622 | D:5      | Bought a scroll of teleportation for 30 gold pieces
  3715 | D:5      | Found Mips's Antique Armour Shop.
  3722 | D:5      | Bought a spiked scale mail for 153 gold pieces
  3732 | D:5      | Identified the +2 scale mail "Pacw" {rElec rPois} (You
                  | bought it in a shop on level 5 of the Dungeon)
  3742 | D:5      | Found a sparkling altar of Nemelex Xobeh.
  3814 | D:5      | Reached skill level 5 in Fighting
  3942 | D:5      | Reached skill level 7 in Unarmed Combat
  3952 | D:5      | Found a basalt altar of Yredelemnul.
  3984 | D:5      | Reached * piety under Cheibriados
  4007 | D:5      | Found a shimmering altar of Xom.
  4106 | D:5      | Found a shattered altar of Ashenzari.
  4305 | D:6      | Reached XP level 8. HP: 51/63 MP: 8/8
  4410 | D:6      | Found a blossoming altar of Fedhas.
  4433 | D:6      | Found a staircase to the Ecumenical Temple.
  4499 | D:6      | Noticed a manticore
  4513 | D:6      | HP: 1/96 [manticore (10)]
  4514 | D:6      | Killed a manticore
  4514 | D:6      | Reached skill level 8 in Unarmed Combat
  4545 | D:6      | Shot with an arrow by a centaur

Illustrated notes

Levels and vault maps discovered:
D:1:      saegor_arrival_simple_d, layout_basic, hangedman_decor_points,
          minmay_misc_feat_rows, due_unseen_surprise
D:2:      layout_loops_corners, minmay_rat_hole
D:3:      layout_loops_corners, grunt_temple_overflow_order_and_chaos_1,
          lemuel_zombie_altar_kikubaaqudgha, kennysheep_flooded_box
D:4:      layout_rooms, lemuel_round_altar, lightli_temple_of_fire,
          gup_sewer_entry_glass, okawaru_gym_becter
D:5:      layout_rooms, kennysheep_mini, nicolae_overflow_hidden_temple,
          kennysheep_mini_moat, gup_ossuary_entry_pyramid, serial_shops, shop,
          nicolae_shop_crystal, nicolae_shop_trees, tgw_xom
D:6:      minmay_chambers_of_sixes, layout_basic, hangedman_ru_absence,
          minmay_temple_entry_waves, serial_shops,
          nicolae_shop_temple_entry_statues_fountains, fedhas_altar_2

Skill      XL: |  1  2  3  4  5  6  7  8 |
---------------+-------------------------+-----
Unarmed Combat | 3 4 5 6 7 8 |  8.6
Fighting       | 3 4 5 6 |  6.5
Throwing       | |  1.7
Dodging        | |  2.6

Action                   |  1- 3 |  4- 6 |  7- 9 || total
-------------------------+-------+-------+-------++-------
Melee: Unarmed           |   169 |   153 |   128 ||   450
       Punch             |     2 |     4 |     7 ||    13
       Headbutt          |       |    42 |    28 ||    70
Throw: Throwing net      |     3 |       |       ||     3
  Use: Potion            |     3 |     2 |     3 ||     8
       Scroll            |       |     6 |       ||     6
 Stab: Sleeping          |     1 |       |       ||     1
       Held in net/web   |     1 |       |       ||     1
Armor: Leather armour    |    60 |    57 |     9 ||   126
       Scale mail        |       |       |    50 ||    50
       Skin              |       |       |    17 ||    17
Dodge: Dodged            |   112 |    87 |    59 ||   258

Table legend: (Time is in decaauts)
 A = Elapsed time spent in this place.
 B = Non-inter-level travel time spent in this place.
 C = Inter-level travel time spent in this place.
 D = Time resting spent in this place.
 E = Time spent auto-exploring this place.
 F = Levels seen in this place.
 G = Mean time per level.
                   A        B        C        D        E       F      G
               +--------+--------+--------+--------+--------+-----+--------+
         Total |   4714 |   4494 |    220 |    426 |   3193 |   7 |  673.4 |
       Dungeon |   4526 |   4306 |    220 |    426 |   3079 |   6 |  754.3 |
         Sewer |    188 |    188 |      0 |      0 |    114 |   1 |  188.0 |
               +--------+--------+--------+--------+--------+-----+--------+

Top non-repeatable levels by time:
     D:2: 1256 daAuts
     D:3: 1015 daAuts
     D:5: 705 daAuts
     D:1: 588 daAuts
     D:4: 540 daAuts
     D:6: 421 daAuts
   Sewer: 188 daAuts
